AoeStats
← CNZS_98T

Arabia

510338363Analyzed
1v1 RM · 10h ago on Sep 30, 2026· 55m 38s· 2 players
Game mode
Random Map
Map size
Tiny (2 player)
Population
200
Speed
Normal
Resources
Standard
Victory
Conquest
Starting age
Dark Age
Ending age
Imperial Age
RankedLock teamsTeams togetherTeam positionsShared explorationLock speedFull tech treeHidden civsTurbo modeCheats
Victory
Defeat
🇧🇪 Georgians · Belgium
2657
+12
🇳🇱 Aztecs · Netherlands
2577
-12
CNZS_98T
6:36 Loom
10:08 Feudal Age
10:38 Double-Bit Axe
15:41 Fletching
20:43 Castle Age
18:46 Gold Mining
18:49 Horse Collar
19:18 Scale Mail Armor
19:45 Padded Archer Armor
20:53 Elite Skirmisher
21:28 Bodkin Arrow
21:14 Eagle Warrior
22:13 Squires
26:04 Wheelbarrow
26:38 Chain Mail Armor
29:23 Forging
34:23 Fervor
34:40 Pikeman
38:20 Town Watch
42:11 Ballistics
56:00 Imperial Age
RoR | Thofou05
6:06 Loom
8:26 Feudal Age
9:49 Double-Bit Axe
10:04 Horse Collar
19:08 Castle Age
17:31 Horse Collar
18:09 Gold Mining
18:55 Fletching
19:11 Crossbowman
19:46 Bodkin Arrow
24:48 Scale Barding Armor
27:18 Bloodlines
28:24 Husbandry
28:45 Forging
32:01 Devotion
34:09 Light Cavalry
35:44 Chain Barding Armor
41:07 Imperial Age
39:16 Ballistics
39:03 Town Watch
39:54 Wheelbarrow
42:45 Iron Casting
42:34 Bracer
48:09 Chemistry
48:35 Capped Ram
50:52 Plate Barding Armor
54:34 Iron Casting
56:18 Blast Furnace
Connection lost

Rejoining the realm…

Still unreachable

The connection could not be restored.

Session expired

The server has moved on; the page needs a fresh start.